 Dungeon Crawl Stone Soup version 0.21-a0-621-gc60411f (webtiles) character file.

7766 Charly the Severer (level 11, -12/154 HPs)
             Began as a Minotaur Berserker on Dec 23, 2017.
             Was a Priest of Trog.
             Mangled by an elephant (17 damage)
             ... on level 4 of the Lair of Beasts.
             The game lasted 00:18:23 (1500 turns).

Charly the Severer (Minotaur Berserker)             Turns: 1500, Time: 00:18:24

Health: -12/154    AC:  5    Str: 26    XL:     11   Next: 1%
Magic:  10/10      EV: 15    Int:  4    God:    Trog [***...]
Gold:   6          SH:  0    Dex: 14    Spells: 10/10 levels left

rFire    + . .     SeeInvis +   a - +0 battleaxe
rCold    . . .     Gourm    .   (shield currently unavailable)
rNeg     . . .     Faith    .   e - +1 troll leather armour (curse)
rPois    .         Spirit   .   (helmet restricted)
rElec    .         Reflect  .   (no cloak)
rCorr    .         Harm     .   (no gloves)
MR       ++...                  (no boots)
Stlth    ..........             j - amulet of magic regeneration
HPRegen  1.75/turn              k - ring of loudness (curse)
MPRegen  0.37/turn              f - ring of see invisible

@: berserking (expiring), lethally poisoned (-12 -> -13), regenerating, very
quick
A: retaliatory headbutt, claws 1, hooves 1, horns 2, fire resistance 1,
evolution 1
a: Berserk, Trog's Hand, Burn Spellbooks, Renounce Religion


You were on level 4 of the Lair of Beasts.
You worshipped Trog.
Trog was most pleased with you.
You were near starving.

You visited 2 branches of the dungeon, and saw 13 of its levels.

You collected 6 gold pieces.

Inventory:

Hand Weapons
 a - a +0 battleaxe (weapon)
 b - a +1 flail of protection
Armour
 e - a cursed +1 troll leather armour (worn)
Jewellery
 f - a ring of see invisible (right claw)
 j - an amulet of magic regeneration (around neck)
 k - a cursed ring of loudness (left claw)
 m - a +3 ring of intelligence
Scrolls
 h - a scroll of blinking
Potions
 d - 2 potions of curing
 i - a potion of resistance
Comestibles
 c - 2 rations


   Skills:
 + Level 11.6 Fighting
 * Level 15.3 Axes
 - Level 2.4 Armour
 + Level 5.8 Dodging


You had 10 spell levels left.
You didn't know any spells.

Dungeon Overview and Level Annotations

Branches:
Dungeon (9/15)               Lair (4/6) D:8
 Temple: D:4-7        Swamp: Lair:2-4    Shoals: Lair:2-4     Snake: Lair:2-4
 Spider: Lair:2-4       Orc: D:9-12

Altars:
Cheibriados


Innate Abilities, Weirdness & Mutations

You reflexively headbutt those who attack you in melee.
You have a pair of horns on your head.
You have sharp fingernails.
You have large cloven feet.
Your flesh is heat resistant. (rF+)
You evolve.


Message History

* * * LOW HITPOINT WARNING * * *
You hit the elephant but do no damage. You kick the elephant!
The elephant is almost dead.
You hit the elephant. You hit the basilisk.
You feel sick. The elephant misses you. x2
Unknown command.
Unknown command.
You slice the elephant!!
You kill the elephant!
Trog accepts your kill.
You have reached level 11!
You hit the elephant but do no damage. You slice the basilisk!!
You feel sick. The basilisk bites you!
* * * LOW HITPOINT WARNING * * *
Unknown command.
Unknown command.
You slash the elephant!
The elephant is severely wounded.
You completely miss the basilisk.
You feel sick. The elephant tramples you!
You die...

####### # #PP.P#.#.
.....>..# ........##
..........# ##
.......... .....
.........# .....
#.......†@# ......
#........Yl##......
#............#....
#........Y........
#................
#........Y.......
##.P$.............
##..#..............
###..................


You could see 3 elephants and a basilisk.

Vanquished Creatures
  A hydra (Lair:2)
  2 elephants
  6 spiny frogs
  3 komodo dragons
  A polar bear (Lair:3)
  2 hippogriffs
  2 basilisks
  5 yaks
  3 water moccasins
  2 porcupines (Lair:1)
  A black bear (D:8)
  2 ogres (D:8)
  2 phantoms
  6 wolves (Lair:1)
  A centaur (D:4)
  6 crocodiles
  3 bullfrogs
  A scorpion (D:8)
  2 hounds (D:4)
  A jelly (D:8)
  An orc priest (D:7)
  An orc wizard (D:7)
  3 adders
  An adder skeleton (D:8)
  2 leopard geckos
  3 orcs
  A ball python (D:1)
  2 hobgoblins (D:2)
  8 jackals
  A kobold (D:1)
  A quokka (D:8)
  A frilled lizard (D:2)
77 creatures vanquished.

Vanquished Creatures (others)
  2 fungi (Lair:4)
2 creatures vanquished.

Grand Total: 79 creatures vanquished

Notes
Turn   | Place    | Note
-------+----------+-------------------------------------------
     0 | D:1      | Charly the Minotaur Berserker began the quest for the Orb.
     0 | D:1      | Reached XP level 1. HP: 19/19 MP: 0/0
    68 | D:1      | Reached skill level 4 in Axes
    73 | D:1      | Reached XP level 2. HP: 27/27 MP: 1/1
   149 | D:2      | Noticed a phantom
   161 | D:2      | Killed a phantom
   161 | D:2      | Reached skill level 5 in Axes
   161 | D:2      | Reached XP level 3. HP: 34/34 MP: 2/2
   161 | D:2      | Reached XP level 4. HP: 41/41 MP: 3/3
   282 | D:4      | Reached skill level 6 in Axes
   282 | D:4      | Reached XP level 5. HP: 40/47 MP: 4/4
   291 | D:4      | Reached skill level 5 in Fighting
   312 | D:4      | Noticed a centaur
   321 | D:4      | Killed a centaur
   358 | D:5      | Entered Level 5 of the Dungeon
   397 | D:5      | Reached skill level 7 in Axes
   397 | D:5      | Reached XP level 6. HP: 51/56 MP: 5/5
   409 | D:4      | Reached ** piety under Trog
   530 | D:8      | Found a snail-covered altar of Cheibriados.
   538 | D:8      | Noticed an elephant
   547 | D:8      | Killed an elephant
   547 | D:8      | Reached skill level 8 in Axes
   547 | D:8      | Reached XP level 7. HP: 64/64 MP: 6/6
   558 | D:8      | Noticed a yak
   598 | D:8      | Reached skill level 9 in Axes
   603 | D:8      | Killed a yak
   648 | D:8      | Reached XP level 8. HP: 73/73 MP: 7/7
   677 | D:8      | Reached skill level 10 in Axes
   696 | D:8      | Found a staircase to the Lair.
   795 | Lair:1   | Entered Level 1 of the Lair of Beasts
   841 | Lair:1   | Reached skill level 11 in Axes
   934 | Lair:1   | Noticed a spiny frog
   941 | Lair:1   | Reached XP level 9. HP: 30/82 MP: 8/8
   942 | Lair:1   | Killed a spiny frog
   942 | Lair:1   | Reached skill level 12 in Axes
   944 | Lair:1   | Noticed a komodo dragon
   955 | Lair:1   | HP: 4/83 [porcupine (9)]
   960 | Lair:1   | Noticed a komodo dragon
   961 | Lair:1   | HP: 1/83 [porcupine (7)]
  1007 | Lair:1   | Killed a komodo dragon
  1011 | Lair:1   | Reached skill level 13 in Axes
  1022 | Lair:1   | Reached skill level 10 in Fighting
  1088 | Lair:2   | Noticed a komodo dragon
  1093 | Lair:2   | Killed a komodo dragon
  1138 | Lair:2   | Reached XP level 10. HP: 60/94 MP: 9/9
  1173 | Lair:2   | Noticed a four-headed hydra
  1207 | Lair:2   | Killed a four-headed hydra
  1207 | Lair:2   | Reached skill level 14 in Axes
  1265 | Lair:2   | Gained mutation: You evolve. [potion of mutation]
  1265 | Lair:2   | Gained mutation: You have large cloven feet. [potion of mutation]
  1265 | Lair:2   | Gained mutation: You have sharp fingernails. [potion of mutation]
  1265 | Lair:2   | Gained mutation: Your flesh is heat resistant. (rF+) [potion of mutation]
  1267 | Lair:2   | Noticed a spiny frog
  1275 | Lair:2   | Killed a spiny frog
  1323 | Lair:3   | Reached *** piety under Trog
  1372 | Lair:3   | Noticed a spiny frog
  1378 | Lair:3   | Killed a spiny frog
  1378 | Lair:3   | Reached skill level 5 in Dodging
  1398 | Lair:3   | Noticed a spiny frog
  1408 | Lair:3   | Killed a spiny frog
  1408 | Lair:3   | Reached skill level 15 in Axes
  1423 | Lair:3   | Noticed an eight-headed hydra
  1431 | Lair:4   | Noticed a spiny frog
  1437 | Lair:4   | Noticed an elephant
  1438 | Lair:4   | Noticed an elephant
  1453 | Lair:4   | Killed a spiny frog
  1457 | Lair:4   | HP: 2/96 [crocodile (16)]
  1475 | Lair:4   | Noticed an elephant
  1484 | Lair:4   | Noticed an elephant
  1489 | Lair:4   | Noticed an elephant
  1489 | Lair:4   | Noticed a spiny frog
  1496 | Lair:4   | Killed a spiny frog
  1499 | Lair:4   | Killed an elephant
  1499 | Lair:4   | Reached XP level 11. HP: 15/103 MP: 10/10
  1499 | Lair:4   | HP: 4/154 [basilisk (11)]
  1500 | Lair:4   | Mangled by an elephant

Vault maps used:
D:1:      kilobyte_arrival_exit_the_forest, minmay_tree_intersection
D:2:      minmay_diamond_boxcup, first_ration, grunt_decor_one_mirror,
          minivault_25
D:3:      uniq_sigmund
D:5:      lemuel_doored_altar, minmay_misc_feat_columns, uniq_duvessa
D:6:      minmay_temple_entry_nine_rooms, uniq_edmund
D:7:      kennysheep_mini_moat
D:8:      lemuel_crystal_altar, lightli_temple_of_fire, kennysheep_mini,
          david_lair_generic, serial_bayou_pond_a
D:9:      lemuel_coloured_pillars_altar, grunt_temple_overflow_cloverleaf,
          hangedman_little_slice_of_home, uniq_gastronok
Lair:1:   grunt_megastairs_5
Lair:2:   uniq_prince_ribbit2
Lair:3:   beast_lair_carwin_large_1
Lair:4:   minmay_swamp_entry_worms, minmay_snake_entry_guardpost_small

Skill      XL: |  1  2  3  4  5  6  7  8  9 10 |
---------------+-------------------------------+-----
Axes           | 4 5 6 7 8 9 11 13 15 | 15.3
Fighting       | 4 5 6 7 8 10 11 | 11.6
Dodging        | 3 5 |  5.8
Armour         | |  2.4

Action                   |  1- 3 |  4- 6 |  7- 9 | 10-12 || total
-------------------------+-------+-------+-------+-------++-------
Melee: Hand axe          |    17 |    22 |       |       ||    39
       Headbutt          |     3 |     7 |    28 |    12 ||    50
       War axe           |       |    15 |   123 |     6 ||   144
       Battleaxe         |       |       |       |    32 ||    32
       Kick              |       |       |       |    14 ||    14
       Flail             |       |       |       |     5 ||     5
Invok: Berserk           |     2 |     2 |     5 |     5 ||    14
       Burn Spellbooks   |       |     3 |       |       ||     3
       Trog's Hand       |       |       |     3 |     2 ||     5
  Use: Scroll            |       |     2 |     7 |     1 ||    10
       Potion            |       |       |     2 |     2 ||     4
  Eat: Chunk             |       |     1 |     6 |     2 ||     9
       Ration            |       |       |     1 |     1 ||     2
Armor: Animal skin       |     2 |       |       |       ||     2
       Chain mail        |     2 |     1 |       |       ||     3
       Troll leather arm |       |    10 |    25 |     8 ||    43
Dodge: Dodged            |     8 |    26 |    70 |    26 ||   130

Table legend:
 A = Spawn XP
 B = Non-spawn XP
 C = Spawn XP percentage of total XP
 D = Spawn monster count
 E = Non-spawn monster count
 F = Spawn count percentage of total count
 G = Total turns spent on level
                    A         B        C        D         E        F      G
               +---------+---------+-------+---------+---------+-------+---------
         Total |       0 |   11095 |   0.0 |       0 |      77 |   0.0 |  1500
               +---------+---------+-------+---------+---------+-------+---------
           D:1 |       0 |      15 |   0.0 |       0 |       7 |   0.0 |   122
           D:2 |       0 |     143 |   0.0 |       0 |       5 |   0.0 |   111
           D:4 |       0 |     212 |   0.0 |       0 |       6 |   0.0 |    94
           D:5 |       0 |      13 |   0.0 |       0 |       1 |   0.0 |    66
           D:7 |       0 |      77 |   0.0 |       0 |       3 |   0.0 |    47
           D:8 |       0 |    1686 |   0.0 |       0 |      18 |   0.0 |   290
        Lair:1 |       0 |    2731 |   0.0 |       0 |      17 |   0.0 |   308
        Lair:2 |       0 |    2382 |   0.0 |       0 |       6 |   0.0 |   198
        Lair:3 |       0 |    2473 |   0.0 |       0 |      10 |   0.0 |   130
        Lair:4 |       0 |    1363 |   0.0 |       0 |       4 |   0.0 |    69
               +---------+---------+-------+---------+---------+-------+---------
